Admirals vs Icehogs
(R1)
Created - January 14, 2022 at 20:53
Goals
|
| Admirals |
0 |
1 |
1 |
2 |
| Icehogs |
2 |
3 |
3 |
8 |
|
Shots
|
| Admirals |
16 |
10 |
9 |
35 |
| Icehogs |
7 |
7 |
17 |
31 |
|
1st period
1. Icehogs , Myles Bell 3 (Mike Reilly 5) at 12:52
2. Icehogs , Rhett Rakhshani 6 (Mattias Janmark 8, Jackson Cates 2) at 17:29
Penalties :
Rhett Rakhshani (Roc) for Hooking (Minor) at 3:05, Nicolas Kerdiles (Mil) for Hooking (Minor) at 7:13, Myles Bell (Roc) for Kneeing (Minor) at 9:59, Mike Reilly (Roc) for Hooking (Minor) at 15:09, Mike Reilly (Roc) for Hooking (Minor) at 18:48
2nd period
3. Icehogs , Ryan Hartman 5 (Craig Cunningham 3, Petter Granberg 7) at 0:16 (SH)
4. Icehogs , Mikhail Grigorenko 5 (Tanner Richard 8, Curtis Lazar 12) at 2:41 (PP)
5. Admirals , Anton Gustafsson 5 (Nicolas Kerdiles 10, T.J Brodie 10) at 7:04
6. Icehogs , Nikita Scherbak 4 (Petter Granberg 8, Dillon Dube 1) at 14:05
Penalties :
Joel Armia (Mil) for Roughing (Minor) at 2:26, Tanner Richard (Roc) for Tripping (Minor) at 9:12
3rd period
7. Icehogs , Craig Cunningham 10 (Petter Granberg 9, Ben Harpur 12) at 15:17
8. Icehogs , Craig Cunningham 11 (Sam Reinhart 5, Ryan Hartman 13) at 16:01
9. Admirals , Anton Gustafsson 6 (Travis Dermott 3, Joel Armia 5) at 17:37 (PP)
10. Icehogs , Ryan Hartman 6 (Craig Cunningham 4) at 17:55
Penalties :
Ryan Hartman (Roc) for Fighting (Major) at 0:03, Blake Geoffrion (Mil) for Fighting (Major) at 0:03, Craig Cunningham (Roc) for Boarding (Minor) at 4:54, Rhett Rakhshani (Roc) for Hooking (Minor) at 17:22, Nicolas Kerdiles (Mil) for Hooking (Minor) at 17:58
Goalie Stats
Felix Sanstrom (Mil), 6 saves from 10 shots - (0.600), L, 3-2-0, 22:41 minutes
Tristan Jarry (Mil), 17 saves from 21 shots - (0.810), 37:19 minutes
Mackenzie Blackwood (Roc), 33 saves from 35 shots - (0.943), W, 3-2-0, 60:00 minutes
Players Stats for Admirals
Player Name G A P +/- PIM S H SB GA TA FO MP PP MP PK MP
------------------------------------------------------------------------------------
Andreas Englund 0 0 0 -4 0 0 2 1 0 1 0/0 15:26 0:00 2:28
Anton Gustafsson 2 0 2 -3 0 5 3 0 1 0 23/40 23:25 7:04 1:02
Blake Geoffrion 0 0 0 -1 5 4 0 0 1 0 0/0 16:51 4:53 2:28
Brett Connolly 0 0 0 -1 0 1 1 0 0 0 0/0 5:53 0:09 0:00
Christian Djoos 0 0 0 0 0 0 0 0 0 0 0/0 3:30 0:00 0:04
Freddie Hamilton 0 0 0 -1 0 0 0 0 0 0 2/3 5:36 0:00 0:00
Hunter Shinkaruk 0 0 0 -1 0 3 1 0 0 0 0/0 12:55 0:12 1:02
Joel Armia 0 1 1 -3 2 1 0 1 0 0 1/1 22:22 7:04 0:00
Josh Morrissey 0 0 0 -3 0 3 1 2 1 1 0/0 28:33 7:45 2:28
Kasper Bjorkqvist 0 0 0 -1 0 0 0 0 0 0 0/0 11:53 0:12 0:00
Lucas Wallmark 0 0 0 -1 0 1 0 0 1 0 2/4 11:22 0:00 0:00
Mark McNeill 0 0 0 -1 0 2 3 0 0 0 1/1 16:31 4:53 0:43
Markus Granlund 0 0 0 -1 0 1 0 2 1 0 11/19 18:37 4:56 2:28
Mattias Backman 0 0 0 -4 0 3 2 1 0 0 0/0 14:37 0:00 1:41
Nicolas Deslauriers 0 0 0 -1 0 1 0 0 0 0 0/0 7:50 0:00 0:43
Nicolas Kerdiles 0 1 1 -3 4 6 0 0 1 0 2/2 22:28 7:04 0:00
Olli Juolevi 0 0 0 1 0 0 2 1 0 0 0/0 13:20 4:24 0:00
T.J Brodie 0 1 1 1 0 0 1 0 0 0 0/0 14:56 4:24 1:36
Travis Dermott 0 1 1 -3 0 4 1 3 0 0 0/0 26:03 7:45 0:00
Trevor Van Riemsdyk 0 0 0 0 0 0 0 0 0 0 0/0 3:35 0:00 0:09
Players Stats for Icehogs
Player Name G A P +/- PIM S H SB GA TA FO MP PP MP PK MP
------------------------------------------------------------------------------------
Ben Harpur 0 1 1 4 0 2 1 1 0 0 0/0 30:52 2:43 7:52
Craig Cunningham 2 2 4 3 2 8 1 0 1 0 1/1 23:34 1:57 6:18
Curtis Lazar 0 1 1 0 0 2 2 1 0 0 0/3 16:07 2:16 1:53
Dillon Dube 0 1 1 2 0 0 0 0 0 0 3/3 7:48 0:00 0:00
Jackson Cates 0 1 1 1 0 0 1 0 0 0 1/5 10:33 0:00 0:28
Julius Honka 0 0 0 0 0 0 0 0 0 0 0/0 10:25 0:15 1:51
Mattias Janmark 0 1 1 1 0 1 3 1 0 0 0/0 11:30 0:00 1:24
Mike Reilly 0 1 1 2 4 2 5 4 0 0 0/0 20:54 1:15 2:52
Mikhail Grigorenko 1 0 1 0 0 2 1 1 0 1 0/2 17:04 2:16 3:54
Myles Bell 1 0 1 2 2 4 1 0 0 0 0/0 7:19 0:00 0:00
Nick Mattson 0 0 0 2 0 2 2 1 0 2 0/0 20:19 1:30 4:03
Nikita Scherbak 1 0 1 2 0 2 0 0 0 0 0/0 7:19 0:00 0:00
Petter Granberg 0 3 3 4 0 1 3 4 0 0 0/0 30:40 2:43 7:40
Philippe Myers 0 0 0 0 0 0 0 0 0 0 0/0 8:35 0:00 0:00
Rhett Rakhshani 1 0 1 1 4 1 0 0 0 1 0/0 10:05 0:00 0:00
Ryan Hartman 2 1 3 3 5 3 1 0 1 2 20/44 22:56 1:57 7:25
Sam Reinhart 0 1 1 2 0 1 0 1 0 0 1/2 15:36 1:57 0:00
Tanner Richard 0 1 1 0 2 0 2 2 0 0 2/10 16:15 2:16 3:04
3 Stars
1 - Craig Cunningham (Roc)
2 - Petter Granberg (Roc)
3 - Ryan Hartman (Roc)
Power Play
Admirals - 1 on 7 Attempt(s) - 14.29%
Icehogs - 1 on 3 Attempt(s) - 33.33%
Penalty Kill
Admirals - 2 on 3 Attempt(s) - 66.67%
- Score 0 goal in Penalty Kill
Icehogs - 6 on 7 Attempt(s) - 85.71%
- Score 1 goal in Penalty Kill
Team Stat
Admirals - Hits : 17 - Faceoff Wins : 42 - Blocked Shots : 11 - Penalty Minutes : 11
Icehogs - Hits : 23 - Faceoff Wins : 28 - Blocked Shots : 16 - Penalty Minutes : 19
Official
Referees : Steve Kozari and Reid Anderson
Linesman : Bevan Mills and Tyson Baker
Game Notes
Tristan Jarry enters game at 2:41 of 2nd period
Ryan Hartman beats up Blake Geoffrion at 0:03 of 3rd period
17:55 of 3rd period - Icehogs goal is going for a video replay. After video review, Goal.
Finance
Level 1 -- Attendance: 1990 (99.50%) -- Ticket Income $69,650
Level 2 -- Attendance: 918 (91.80%) -- Ticket Income $13,770
Total Attendance: 2908 (96.93%)
Total Ticket Income: $83,420
Other Income: $4,171
Total Income: $87,591
Admirals
5 vs 5 Forward
Center Left Wing Right Wing Time % Phy DF OF
1 Anton Gustafsson Nicolas Kerdiles Joel Armia 40 1 2 2
2 Markus Granlund Blake Geoffrion Mark McNeill 30 1 2 2
3 Lucas Wallmark Hunter Shinkaruk Kasper Bjorkqvist 20 1 2 2
4 Freddie Hamilton Nicolas Deslauriers Brett Connolly 10 1 2 2
5 vs 5 Defense
Defense Defense Time % Phy DF OF
1 Josh Morrissey Travis Dermott 40 1 2 2
2 Andreas Englund Mattias Backman 30 1 2 2
3 T.J Brodie Olli Juolevi 20 1 2 2
4 Christian Djoos Trevor Van Riemsdyk 10 1 2 2
PowerPlay Forward
Center Left Wing Right Wing Time % Phy DF OF
1 Anton Gustafsson Nicolas Kerdiles Joel Armia 60 1 1 3
2 Markus Granlund Blake Geoffrion Mark McNeill 40 1 1 3
PowerPlay Defense
Defense Defense Time % Phy DF OF
1 Josh Morrissey Travis Dermott 60 1 2 2
2 T.J Brodie Olli Juolevi 40 1 2 2
Penalty Kill 4 Players Forward
Center Wing Time % Phy DF OF
1 Markus Granlund Nicolas Kerdiles 60 1 2 2
2 Mark McNeill Nicolas Deslauriers 40 1 2 2
Penalty Kill 4 Players Defense
Defense Defense Time % Phy DF OF
1 Andreas Englund Josh Morrissey 60 1 3 1
2 T.J Brodie Mattias Backman 40 1 3 1
Penalty Kill - 3 Players Forward
Forward Time % Phy DF OF
1 Mark McNeill 60 1 2 2
2 Anton Gustafsson 40 1 2 2
Penalty Kill - 3 Players Defense
Defense Defense Time % Phy DF OF
1 Andreas Englund Josh Morrissey 60 1 3 1
2 T.J Brodie Mattias Backman 40 1 3 1
4 vs 4 Forward
Center Wing Time % Phy DF OF
1 Markus Granlund Nicolas Kerdiles 60 1 2 2
2 Anton Gustafsson Joel Armia 40 1 2 2
4 vs 4 Defense
Defense Defense Time % Phy DF OF
1 Josh Morrissey Travis Dermott 60 1 2 2
2 T.J Brodie Mattias Backman 40 1 2 2
Last Minutes Offensive
Center Left Wing Right Wing Defense Defense
Anton Gustafsson Nicolas Kerdiles Joel Armia Josh Morrissey T.J Brodie
Last Minutes Defensive
Center Left Wing Right Wing Defense Defense
Lucas Wallmark Nicolas Kerdiles Mark McNeill Josh Morrissey T.J Brodie
Goaltenders
Starting : Felix Sanstrom
Backup : Tristan Jarry
Extra Forwards
Normal : Nicolas Deslauriers, Kasper Bjorkqvist, Freddie Hamilton - PP : Hunter Shinkaruk, Kasper Bjorkqvist - PK : Markus Granlund
Extra Defensemen
Normal : Mattias Backman, Christian Djoos, Trevor Van Riemsdyk - PP : Mattias Backman - PK : Mattias Backman, Trevor Van Riemsdyk
Penalty Shots
Anton Gustafsson, Nicolas Kerdiles, Blake Geoffrion, Nicolas Deslauriers, Mark McNeill
Scratches
Adam Almquist (Healthy), Alexandre Mallet (Healthy), Carl Dahlstrom (Healthy), Filip Chlapik (Healthy), Josh Wesley (Healthy)
Mark MacMillan (Healthy), Riley Barber (Healthy), Ryan Olsen (Healthy), Sergei Zborovskiy (Healthy), Stanislav Galiev (Healthy)
Troy Bourke (Healthy), Carsen Twarynski (Healthy), Libor Hajek (Healthy), Linus Ullmark (Healthy)
Icehogs
5 vs 5 Forward
Center Left Wing Right Wing Time % Phy DF OF
1 Ryan Hartman Craig Cunningham Sam Reinhart 40 1 2 2
2 Tanner Richard Mikhail Grigorenko Curtis Lazar 30 1 2 2
3 Jackson Cates Mattias Janmark Rhett Rakhshani 20 1 2 2
4 Dillon Dube Myles Bell Nikita Scherbak 10 1 2 2
5 vs 5 Defense
Defense Defense Time % Phy DF OF
1 Petter Granberg Ben Harpur 40 1 2 2
2 Nick Mattson Mike Reilly 30 1 2 2
3 Julius Honka Philippe Myers 20 1 2 2
4 Petter Granberg Ben Harpur 10 1 2 2
PowerPlay Forward
Center Left Wing Right Wing Time % Phy DF OF
1 Ryan Hartman Craig Cunningham Sam Reinhart 60 1 2 2
2 Tanner Richard Mikhail Grigorenko Curtis Lazar 40 1 2 2
PowerPlay Defense
Defense Defense Time % Phy DF OF
1 Petter Granberg Ben Harpur 60 1 2 2
2 Nick Mattson Mike Reilly 40 1 2 2
Penalty Kill 4 Players Forward
Center Wing Time % Phy DF OF
1 Ryan Hartman Craig Cunningham 60 1 2 2
2 Tanner Richard Mikhail Grigorenko 40 1 2 2
Penalty Kill 4 Players Defense
Defense Defense Time % Phy DF OF
1 Petter Granberg Ben Harpur 60 1 2 2
2 Nick Mattson Mike Reilly 40 1 2 2
Penalty Kill - 3 Players Forward
Forward Time % Phy DF OF
1 Ryan Hartman 60 1 2 2
2 Tanner Richard 40 1 2 2
Penalty Kill - 3 Players Defense
Defense Defense Time % Phy DF OF
1 Petter Granberg Ben Harpur 60 1 2 2
2 Nick Mattson Mike Reilly 40 1 2 2
4 vs 4 Forward
Center Wing Time % Phy DF OF
1 Ryan Hartman Craig Cunningham 60 1 2 2
2 Tanner Richard Mikhail Grigorenko 40 1 2 2
4 vs 4 Defense
Defense Defense Time % Phy DF OF
1 Petter Granberg Ben Harpur 60 1 2 2
2 Nick Mattson Mike Reilly 40 1 2 2
Last Minutes Offensive
Center Left Wing Right Wing Defense Defense
Ryan Hartman Craig Cunningham Sam Reinhart Petter Granberg Ben Harpur
Last Minutes Defensive
Center Left Wing Right Wing Defense Defense
Ryan Hartman Craig Cunningham Sam Reinhart Petter Granberg Ben Harpur
Goaltenders
Starting : Mackenzie Blackwood
Backup : Joe Cannata
Extra Forwards
Normal : Curtis Lazar, Dillon Dube, Rhett Rakhshani - PP : Curtis Lazar, Dillon Dube - PK : Curtis Lazar
Extra Defensemen
Normal : Mike Reilly, Julius Honka, Philippe Myers - PP : Mike Reilly - PK : Mike Reilly, Julius Honka
Penalty Shots
Ryan Hartman, Craig Cunningham, Tanner Richard, Sam Reinhart, Curtis Lazar
Scratches
Calle Andersson (Healthy), Clark Bishop (Healthy), Duncan Siemens (Healthy), JJ. Piccinich (Healthy), Kurtis Gabriel (Healthy)
Michael Chaput (Torn Left ACL Injury), Nick Paul (Healthy), Patrick Russell (Healthy), Patrick Sieloff (Healthy), Ross Johnston (Healthy)
Zach Whitecloud (Healthy), Jeremy Davies (Healthy), Michael Giugovaz (Healthy), Jack LaFontaine (Healthy)
% Time on Ice - Admirals
Lines # - Real PCT - Wanted PCT - Time Play
Normal Forward
1 - 36% - 40% - 15:34
2 - 25% - 30% - 11:06
3 - 26% - 20% - 11:22
4 - 13% - 10% - 5:36
Normal Defense
1 - 43% - 40% - 18:44
2 - 31% - 30% - 13:29
3 - 19% - 20% - 8:23
4 - 7% - 10% - 3:02
PP Forward
1 - 59% - 60% - 7:13
2 - 41% - 40% - 4:56
PP Defense
1 - 64% - 60% - 7:45
2 - 36% - 40% - 4:24
PK Forward
1 - 83% - 60% - 3:30
2 - 17% - 40% - 0:43
PK Defense
1 - 60% - 60% - 2:32
2 - 40% - 40% - 1:41
PK3 Forward
1 - 0% - 60%
2 - 0% - 40%
PK3 Defense
1 - 0% - 60%
2 - 0% - 40%
44 Forward
1 - 0% - 60%
2 - 0% - 40%
44 Defense
1 - 0% - 60%
2 - 0% - 40%
Last Minute Offensive - 0:00
Last Minute Defensive - 0:00
Total
Forward - 60:00
Defense - 60:00
|
% Time on Ice - Icehogs
Lines # - Real PCT - Wanted PCT - Time Play
Normal Forward
1 - 35% - 40% - 15:20
2 - 25% - 30% - 10:54
3 - 23% - 20% - 10:05
4 - 17% - 10% - 7:19
Normal Defense
1 - 43% - 40% - 18:49
2 - 34% - 30% - 14:46
3 - 20% - 20% - 8:35
4 - 3% - 10% - 1:28
PP Forward
1 - 46% - 60% - 1:57
2 - 54% - 40% - 2:16
PP Defense
1 - 64% - 60% - 2:43
2 - 36% - 40% - 1:30
PK Forward
1 - 71% - 60% - 8:41
2 - 29% - 40% - 3:28
PK Defense
1 - 63% - 60% - 7:40
2 - 37% - 40% - 4:29
PK3 Forward
1 - 0% - 60%
2 - 0% - 40%
PK3 Defense
1 - 0% - 60%
2 - 0% - 40%
44 Forward
1 - 0% - 60%
2 - 0% - 40%
44 Defense
1 - 0% - 60%
2 - 0% - 40%
Last Minute Offensive - 0:00
Last Minute Defensive - 0:00
Total
Forward - 60:00
Defense - 60:00
|
Play-by-Play
1st period
0:01 of 1st period - Anton Gustafsson wins face-off versus Ryan Hartman in neutral zone.
0:04 of 1st period - Wrist shot by Anton Gustafsson.
0:04 of 1st period - Shot Blocked by Petter Granberg.
0:06 of 1st period - Snap shot by Joel Armia.
0:06 of 1st period - Deflect By Anton Gustafsson.
0:06 of 1st period - Stopped by Mackenzie Blackwood with a rebound.
0:08 of 1st period - Slapshot by Travis Dermott.
0:08 of 1st period - Stopped by Mackenzie Blackwood without a rebound.
0:09 of 1st period - Anton Gustafsson wins face-off versus Ryan Hartman in Icehogs zone.
0:32 of 1st period - Wrist shot by Nicolas Kerdiles.
0:32 of 1st period - Shot Misses the Net.
0:54 of 1st period - Slapshot by Craig Cunningham.
0:54 of 1st period - Stopped by Felix Sanstrom with a rebound.
1:04 of 1st period - Snap shot by Craig Cunningham.
1:04 of 1st period - Shot Misses the Net.
1:22 of 1st period - Wrist shot by Nicolas Kerdiles.
1:22 of 1st period - Stopped by Mackenzie Blackwood with a rebound.
1:24 of 1st period - Snap shot by Nicolas Kerdiles.
1:24 of 1st period - Stopped by Mackenzie Blackwood without a rebound.
1:25 of 1st period - Markus Granlund wins face-off versus Tanner Richard in Icehogs zone.
1:32 of 1st period - Wrist shot by Blake Geoffrion.
1:32 of 1st period - Stopped by Mackenzie Blackwood with a rebound.
1:50 of 1st period - Lucas Wallmark is hit by Nick Mattson and loses puck.
2:11 of 1st period - Slapshot by Mike Reilly.
2:11 of 1st period - Deflect By Nicolas Deslauriers.
2:11 of 1st period - Stopped by Felix Sanstrom with a rebound.
2:19 of 1st period - Nikita Scherbak is hit by Brett Connolly and loses puck.
2:57 of 1st period - Wrist shot by Hunter Shinkaruk.
2:57 of 1st period - Stopped by Mackenzie Blackwood with a rebound.
2:59 of 1st period - Slapshot by Hunter Shinkaruk.
2:59 of 1st period - Shot Misses the Net.
3:05 of 1st period - Minor Penalty to Rhett Rakhshani for Hooking.
3:06 of 1st period - Anton Gustafsson wins face-off versus Ryan Hartman in Icehogs zone.
3:16 of 1st period - Icing by Travis Dermott.
3:17 of 1st period - Anton Gustafsson wins face-off versus Ryan Hartman in Admirals zone.
3:17 of 1st period - Anton Gustafsson is hit by Craig Cunningham.
3:48 of 1st period - Snap shot by Anton Gustafsson.
3:48 of 1st period - Stopped by Mackenzie Blackwood without a rebound.
3:49 of 1st period - Markus Granlund wins face-off versus Tanner Richard in Icehogs zone.
5:05 of 1st period - Penalty to Rhett Rakhshani is over, Rhett Rakhshani is back on ice.
5:33 of 1st period - Nick Mattson is hit by Andreas Englund and loses puck.
5:58 of 1st period - Philippe Myers is hit by Olli Juolevi and loses puck.
6:11 of 1st period - Wrist shot by Craig Cunningham.
6:11 of 1st period - Stopped by Felix Sanstrom with a rebound.
7:13 of 1st period - Minor Penalty to Nicolas Kerdiles for Hooking.
7:14 of 1st period - Ryan Hartman wins face-off versus Markus Granlund in Admirals zone.
7:44 of 1st period - Blake Geoffrion is hit by Tanner Richard and loses puck.
7:51 of 1st period - Snap shot by Mikhail Grigorenko.
7:51 of 1st period - Shot Misses the Net.
8:17 of 1st period - Wrist shot by Hunter Shinkaruk.
8:17 of 1st period - Stopped by Mackenzie Blackwood with a rebound.
9:02 of 1st period - Petter Granberg is hit by Mark McNeill and loses puck.
9:09 of 1st period - Wrist shot by Nicolas Deslauriers.
9:09 of 1st period - Stopped by Mackenzie Blackwood without a rebound.
9:10 of 1st period - Ryan Hartman wins face-off versus Markus Granlund in Icehogs zone.
9:13 of 1st period - Penalty to Nicolas Kerdiles is over, Nicolas Kerdiles is back on ice.
9:59 of 1st period - Minor Penalty to Myles Bell for Kneeing.
10:00 of 1st period - Ryan Hartman wins face-off versus Anton Gustafsson in Icehogs zone.
10:25 of 1st period - Markus Granlund is hit by Petter Granberg.
11:01 of 1st period - Icing by Anton Gustafsson.
11:02 of 1st period - Ryan Hartman wins face-off versus Anton Gustafsson in Admirals zone.
11:13 of 1st period - Slapshot by Joel Armia.
11:13 of 1st period - Deflect By Tanner Richard.
11:13 of 1st period - Stopped by Mackenzie Blackwood with a rebound.
11:15 of 1st period - Snap shot by Markus Granlund.
11:15 of 1st period - Shot Blocked by Mike Reilly.
11:59 of 1st period - Penalty to Myles Bell is over, Myles Bell is back on ice.
12:02 of 1st period - Icing by Tanner Richard.
12:03 of 1st period - Lucas Wallmark wins face-off versus Jackson Cates in Icehogs zone.
12:52 of 1st period - Snap shot by Myles Bell.
12:52 of 1st period - Goal by Myles Bell - Admirals : 0 - Icehogs : 1.
12:53 of 1st period - Craig Cunningham wins face-off versus Anton Gustafsson in neutral zone.
12:58 of 1st period - Snap shot by Ryan Hartman.
12:58 of 1st period - Shot Blocked by Josh Morrissey.
13:00 of 1st period - Backhand shot by Ryan Hartman.
13:00 of 1st period - Stopped by Felix Sanstrom without a rebound.
13:01 of 1st period - Anton Gustafsson wins face-off versus Ryan Hartman in Admirals zone.
14:09 of 1st period - Slapshot by Tanner Richard.
14:09 of 1st period - Shot Misses the Net.
14:31 of 1st period - Wrist shot by Myles Bell.
14:31 of 1st period - Shot Misses the Net.
14:37 of 1st period - Slapshot by Nick Mattson.
14:37 of 1st period - Shot Misses the Net.
14:39 of 1st period - Slapshot by Nick Mattson.
14:39 of 1st period - Stopped by Felix Sanstrom without a rebound.
14:40 of 1st period - Tanner Richard wins face-off versus Markus Granlund in Admirals zone.
14:46 of 1st period - Off-side.
14:47 of 1st period - Markus Granlund wins face-off versus Mikhail Grigorenko in neutral zone.
14:52 of 1st period - Slapshot by Mark McNeill.
14:52 of 1st period - Stopped by Mackenzie Blackwood with a rebound.
14:54 of 1st period - Slapshot by Markus Granlund.
14:54 of 1st period - Shot Misses the Net.
14:56 of 1st period - Slapshot by Josh Morrissey.
14:56 of 1st period - Stopped by Mackenzie Blackwood with a rebound.
14:58 of 1st period - Snap shot by Markus Granlund.
14:58 of 1st period - Stopped by Mackenzie Blackwood without a rebound.
14:59 of 1st period - Anton Gustafsson wins face-off versus Ryan Hartman in Icehogs zone.
15:02 of 1st period - Snap shot by Nicolas Kerdiles.
15:02 of 1st period - Stopped by Mackenzie Blackwood without a rebound.
15:03 of 1st period - Anton Gustafsson wins face-off versus Ryan Hartman in Icehogs zone.
15:09 of 1st period - Minor Penalty to Mike Reilly for Hooking.
15:10 of 1st period - Anton Gustafsson wins face-off versus Ryan Hartman in Icehogs zone.
15:42 of 1st period - Snap shot by Mikhail Grigorenko.
15:42 of 1st period - Shot Hit the Post.
15:44 of 1st period - Snap shot by Mikhail Grigorenko.
15:44 of 1st period - Shot Blocked by Markus Granlund.
17:09 of 1st period - Penalty to Mike Reilly is over, Mike Reilly is back on ice.
17:14 of 1st period - Slapshot by Josh Morrissey.
17:14 of 1st period - Stopped by Mackenzie Blackwood with a rebound.
17:16 of 1st period - Snap shot by Travis Dermott.
17:16 of 1st period - Stopped by Mackenzie Blackwood without a rebound.
17:17 of 1st period - Jackson Cates wins face-off versus Freddie Hamilton in Icehogs zone.
17:17 of 1st period - Jackson Cates is hit by Mattias Backman.
17:29 of 1st period - Snap shot by Rhett Rakhshani.
17:29 of 1st period - Goal by Rhett Rakhshani - Admirals : 0 - Icehogs : 2.
17:30 of 1st period - Anton Gustafsson wins face-off versus Ryan Hartman in neutral zone.
18:35 of 1st period - Icing by Josh Morrissey.
18:36 of 1st period - Ryan Hartman wins face-off versus Lucas Wallmark in Admirals zone.
18:48 of 1st period - Minor Penalty to Mike Reilly for Hooking.
18:49 of 1st period - Anton Gustafsson wins face-off versus Ryan Hartman in Icehogs zone.
19:14 of 1st period - Mark McNeill is hit by Ben Harpur and loses puck.
19:23 of 1st period - Slapshot by Travis Dermott.
19:23 of 1st period - Shot Blocked by Tanner Richard.
19:25 of 1st period - Snap shot by Travis Dermott.
19:25 of 1st period - Shot Blocked by Tanner Richard.
Goals for this period are 0 for Admirals vs 2 for Icehogs.
Shots for this period are 16 for Admirals vs 7 for Icehogs.
2nd period
0:01 of 2nd period - Ryan Hartman wins face-off versus Anton Gustafsson in neutral zone.
0:14 of 2nd period - Wrist shot by Craig Cunningham.
0:14 of 2nd period - Stopped by Felix Sanstrom with a rebound.
0:16 of 2nd period - Wrist shot by Ryan Hartman.
0:16 of 2nd period - Goal by Ryan Hartman - Admirals : 0 - Icehogs : 3.
0:17 of 2nd period - Anton Gustafsson wins face-off versus Ryan Hartman in neutral zone.
0:28 of 2nd period - Snap shot by Anton Gustafsson.
0:28 of 2nd period - Deflect By Nicolas Kerdiles.
0:28 of 2nd period - Shot Blocked by Petter Granberg.
0:28 of 2nd period - Puck is out of play.
0:29 of 2nd period - Anton Gustafsson wins face-off versus Ryan Hartman in Icehogs zone.
0:34 of 2nd period - Snap shot by Joel Armia.
0:34 of 2nd period - Deflect By Anton Gustafsson.
0:34 of 2nd period - Shot Blocked by Petter Granberg.
0:34 of 2nd period - Puck is out of play.
0:35 of 2nd period - Ryan Hartman wins face-off versus Anton Gustafsson in Icehogs zone.
0:48 of 2nd period - Penalty to Mike Reilly is over, Mike Reilly is back on ice.
0:54 of 2nd period - Wrist shot by Ryan Hartman.
0:54 of 2nd period - Shot Misses the Net.
1:19 of 2nd period - Slapshot by Ryan Hartman.
1:19 of 2nd period - Shot Misses the Net.
1:36 of 2nd period - Slapshot by Mike Reilly.
1:36 of 2nd period - Shot Misses the Net.
2:26 of 2nd period - Minor Penalty to Joel Armia for Roughing.
2:27 of 2nd period - Mark McNeill wins face-off versus Mikhail Grigorenko in Admirals zone.
2:41 of 2nd period - Wrist shot by Mikhail Grigorenko.
2:41 of 2nd period - Goal by Mikhail Grigorenko - Admirals : 0 - Icehogs : 4.
2:41 of 2nd period - Tristan Jarry enters game.
2:42 of 2nd period - Markus Granlund wins face-off versus Tanner Richard in neutral zone.
3:09 of 2nd period - Hunter Shinkaruk is hit by Mattias Janmark and loses puck.
3:30 of 2nd period - Wrist shot by Tanner Richard.
3:30 of 2nd period - Shot Misses the Net.
3:36 of 2nd period - Tanner Richard is hit by T.J Brodie and loses puck.
5:02 of 2nd period - Snap shot by Nicolas Deslauriers.
5:02 of 2nd period - Shot Blocked by Mike Reilly.
5:37 of 2nd period - Nick Mattson is hit by Mattias Backman and loses puck.
6:15 of 2nd period - Wrist shot by Nicolas Deslauriers.
6:15 of 2nd period - Shot Misses the Net.
7:02 of 2nd period - Slapshot by Nicolas Kerdiles.
7:02 of 2nd period - Shot Misses the Net.
7:04 of 2nd period - Snap shot by Anton Gustafsson.
7:04 of 2nd period - Goal by Anton Gustafsson - Admirals : 1 - Icehogs : 4.
7:05 of 2nd period - Ryan Hartman wins face-off versus Markus Granlund in neutral zone.
7:10 of 2nd period - Wrist shot by Sam Reinhart.
7:10 of 2nd period - Shot Blocked by Markus Granlund.
7:20 of 2nd period - Snap shot by Blake Geoffrion.
7:20 of 2nd period - Shot Misses the Net.
7:32 of 2nd period - Anton Gustafsson is hit by Mike Reilly and loses puck.
7:40 of 2nd period - Travis Dermott is hit by Nick Mattson and loses puck.
8:19 of 2nd period - Wrist shot by Nikita Scherbak.
8:19 of 2nd period - Shot Misses the Net.
8:21 of 2nd period - Snap shot by Nick Mattson.
8:21 of 2nd period - Shot Blocked by Olli Juolevi.
9:12 of 2nd period - Minor Penalty to Tanner Richard for Tripping.
9:13 of 2nd period - Ryan Hartman wins face-off versus Anton Gustafsson in Icehogs zone.
10:20 of 2nd period - Joel Armia is hit by Mike Reilly and loses puck.
11:12 of 2nd period - Penalty to Tanner Richard is over, Tanner Richard is back on ice.
11:39 of 2nd period - Snap shot by Nicolas Deslauriers.
11:39 of 2nd period - Shot Misses the Net.
11:47 of 2nd period - Brett Connolly is hit by Mike Reilly and loses puck.
12:45 of 2nd period - Olli Juolevi is hit by Mattias Janmark.
13:40 of 2nd period - Freddie Hamilton is hit by Mike Reilly and loses puck.
13:59 of 2nd period - Snap shot by Myles Bell.
13:59 of 2nd period - Stopped by Tristan Jarry without a rebound.
14:00 of 2nd period - Dillon Dube wins face-off versus Markus Granlund in Admirals zone.
14:01 of 2nd period - Slapshot by Myles Bell.
14:01 of 2nd period - Deflect By Nikita Scherbak.
14:01 of 2nd period - Shot Misses the Net.
14:01 of 2nd period - Puck is out of play.
14:02 of 2nd period - Dillon Dube wins face-off versus Anton Gustafsson in Admirals zone.
14:05 of 2nd period - Snap shot by Nikita Scherbak.
14:05 of 2nd period - Goal by Nikita Scherbak - Admirals : 1 - Icehogs : 5.
14:06 of 2nd period - Anton Gustafsson wins face-off versus Ryan Hartman in neutral zone.
14:15 of 2nd period - Snap shot by Travis Dermott.
14:15 of 2nd period - Stopped by Mackenzie Blackwood without a rebound.
14:16 of 2nd period - Anton Gustafsson wins face-off versus Ryan Hartman in Icehogs zone.
14:27 of 2nd period - Wrist shot by Nicolas Kerdiles.
14:27 of 2nd period - Stopped by Mackenzie Blackwood without a rebound.
14:28 of 2nd period - Anton Gustafsson wins face-off versus Ryan Hartman in Icehogs zone.
14:53 of 2nd period - Sam Reinhart is hit by Travis Dermott and loses puck.
14:58 of 2nd period - Slapshot by Hunter Shinkaruk.
14:58 of 2nd period - Shot Misses the Net.
15:00 of 2nd period - Wrist shot by Lucas Wallmark.
15:00 of 2nd period - Stopped by Mackenzie Blackwood with a rebound.
15:02 of 2nd period - Slapshot by Mattias Backman.
15:02 of 2nd period - Stopped by Mackenzie Blackwood without a rebound.
15:03 of 2nd period - Anton Gustafsson wins face-off versus Tanner Richard in Icehogs zone.
15:15 of 2nd period - Wrist shot by Andreas Englund.
15:15 of 2nd period - Shot Blocked by Mike Reilly.
15:21 of 2nd period - Anton Gustafsson is hit by Tanner Richard and loses puck.
15:34 of 2nd period - Wrist shot by Blake Geoffrion.
15:34 of 2nd period - Deflect By Mark McNeill.
15:34 of 2nd period - Shot Blocked by Mike Reilly.
15:34 of 2nd period - Puck is out of play.
15:35 of 2nd period - Markus Granlund wins face-off versus Jackson Cates in Icehogs zone.
15:36 of 2nd period - Wrist shot by Mark McNeill.
15:36 of 2nd period - Stopped by Mackenzie Blackwood with a rebound.
15:44 of 2nd period - Wrist shot by Blake Geoffrion.
15:44 of 2nd period - Stopped by Mackenzie Blackwood with a rebound.
16:09 of 2nd period - Snap shot by Joel Armia.
16:09 of 2nd period - Shot Blocked by Petter Granberg.
16:27 of 2nd period - Snap shot by Curtis Lazar.
16:27 of 2nd period - Stopped by Tristan Jarry without a rebound.
16:28 of 2nd period - Joel Armia wins face-off versus Ryan Hartman in Admirals zone.
16:28 of 2nd period - Joel Armia is hit by Mike Reilly.
16:54 of 2nd period - Tanner Richard is hit by Mark McNeill and loses puck.
16:59 of 2nd period - Wrist shot by Blake Geoffrion.
16:59 of 2nd period - Stopped by Mackenzie Blackwood with a rebound.
17:01 of 2nd period - Slapshot by Mattias Backman.
17:01 of 2nd period - Shot Blocked by Mikhail Grigorenko.
17:03 of 2nd period - Snap shot by Mattias Backman.
17:03 of 2nd period - Stopped by Mackenzie Blackwood without a rebound.
17:04 of 2nd period - Anton Gustafsson wins face-off versus Ryan Hartman in Icehogs zone.
17:17 of 2nd period - Wrist shot by Joel Armia.
17:17 of 2nd period - Shot Misses the Net.
17:19 of 2nd period - Wrist shot by Anton Gustafsson.
17:19 of 2nd period - Stopped by Mackenzie Blackwood with a rebound.
17:40 of 2nd period - Icing by Petter Granberg.
17:41 of 2nd period - Tanner Richard wins face-off versus Anton Gustafsson in Icehogs zone.
17:41 of 2nd period - Mikhail Grigorenko is hit by Anton Gustafsson and loses puck.
17:58 of 2nd period - Snap shot by Tanner Richard.
17:58 of 2nd period - Shot Blocked by Joel Armia.
18:00 of 2nd period - Wrist shot by Petter Granberg.
18:00 of 2nd period - Shot Misses the Net.
18:02 of 2nd period - Slapshot by Curtis Lazar.
18:02 of 2nd period - Stopped by Tristan Jarry without a rebound.
18:03 of 2nd period - Ryan Hartman wins face-off versus Markus Granlund in Admirals zone.
18:25 of 2nd period - Craig Cunningham is hit by Mark McNeill and loses puck.
18:35 of 2nd period - Mike Reilly is hit by Andreas Englund and loses puck.
18:44 of 2nd period - Snap shot by Tanner Richard.
18:44 of 2nd period - Shot Blocked by Mattias Backman.
18:46 of 2nd period - Wrist shot by Mikhail Grigorenko.
18:46 of 2nd period - Shot Blocked by Andreas Englund.
19:08 of 2nd period - Wrist shot by Lucas Wallmark.
19:08 of 2nd period - Shot Blocked by Mattias Janmark.
19:22 of 2nd period - Snap shot by Nikita Scherbak.
19:22 of 2nd period - Shot Misses the Net.
19:24 of 2nd period - Snap shot by Dillon Dube.
19:24 of 2nd period - Deflect By Myles Bell.
19:24 of 2nd period - Shot Misses the Net.
19:24 of 2nd period - Puck is out of play.
19:25 of 2nd period - Dillon Dube wins face-off versus Anton Gustafsson in Admirals zone.
19:28 of 2nd period - Snap shot by Nikita Scherbak.
19:28 of 2nd period - Shot Blocked by Travis Dermott.
Goals for this period are 1 for Admirals vs 3 for Icehogs.
Shots for this period are 10 for Admirals vs 7 for Icehogs.
3rd period
0:01 of 3rd period - Markus Granlund wins face-off versus Ryan Hartman in neutral zone.
0:03 of 3rd period - Ryan Hartman beats up Blake Geoffrion.
0:03 of 3rd period - Penalty to Ryan Hartman for Fighting.
0:03 of 3rd period - Penalty to Blake Geoffrion for Fighting.
0:04 of 3rd period - Anton Gustafsson wins face-off versus Curtis Lazar in Icehogs zone.
0:31 of 3rd period - Josh Morrissey is hit by Jackson Cates and loses puck.
1:08 of 3rd period - Slapshot by Petter Granberg.
1:08 of 3rd period - Stopped by Tristan Jarry without a rebound.
1:09 of 3rd period - Anton Gustafsson wins face-off versus Tanner Richard in Admirals zone.
1:09 of 3rd period - Anton Gustafsson is hit by Curtis Lazar.
1:37 of 3rd period - Slapshot by Mike Reilly.
1:37 of 3rd period - Stopped by Tristan Jarry with a rebound.
1:43 of 3rd period - Slapshot by Travis Dermott.
1:43 of 3rd period - Stopped by Mackenzie Blackwood with a rebound.
1:45 of 3rd period - Slapshot by Travis Dermott.
1:45 of 3rd period - Shot Blocked by Sam Reinhart.
2:15 of 3rd period - Nikita Scherbak is hit by Anton Gustafsson and loses puck.
2:34 of 3rd period - Snap shot by Nicolas Deslauriers.
2:34 of 3rd period - Shot Misses the Net.
3:00 of 3rd period - Off-side.
3:01 of 3rd period - Lucas Wallmark wins face-off versus Tanner Richard in neutral zone.
3:01 of 3rd period - Lucas Wallmark is hit by Curtis Lazar.
3:07 of 3rd period - Ben Harpur is hit by Josh Morrissey and loses puck.
3:26 of 3rd period - Josh Morrissey is hit by Petter Granberg and loses puck.
3:33 of 3rd period - Wrist shot by Craig Cunningham.
3:33 of 3rd period - Stopped by Tristan Jarry without a rebound.
3:34 of 3rd period - Markus Granlund wins face-off versus Curtis Lazar in Admirals zone.
3:58 of 3rd period - Snap shot by Anton Gustafsson.
3:58 of 3rd period - Shot Misses the Net.
4:54 of 3rd period - Minor Penalty to Craig Cunningham for Boarding.
4:55 of 3rd period - Nicolas Kerdiles wins face-off versus Curtis Lazar in Icehogs zone.
5:03 of 3rd period - Penalty to Ryan Hartman is over, Ryan Hartman is back on ice.
5:08 of 3rd period - Slapshot by Nicolas Kerdiles.
5:08 of 3rd period - Stopped by Mackenzie Blackwood with a rebound.
5:10 of 3rd period - Wrist shot by Josh Morrissey.
5:10 of 3rd period - Stopped by Mackenzie Blackwood without a rebound.
5:11 of 3rd period - Ryan Hartman wins face-off versus Anton Gustafsson in Icehogs zone.
5:18 of 3rd period - Snap shot by Nicolas Kerdiles.
5:18 of 3rd period - Shot Misses the Net.
5:20 of 3rd period - Wrist shot by Travis Dermott.
5:20 of 3rd period - Shot Blocked by Curtis Lazar.
5:22 of 3rd period - Wrist shot by Nicolas Kerdiles.
5:22 of 3rd period - Stopped by Mackenzie Blackwood with a rebound.
5:24 of 3rd period - Snap shot by Travis Dermott.
5:24 of 3rd period - Shot Blocked by Ben Harpur.
6:21 of 3rd period - Curtis Lazar is hit by Anton Gustafsson and loses puck.
6:54 of 3rd period - Penalty to Craig Cunningham is over, Craig Cunningham is back on ice.
7:02 of 3rd period - Julius Honka is hit by Olli Juolevi and loses puck.
7:26 of 3rd period - Icing by Curtis Lazar.
7:27 of 3rd period - Freddie Hamilton wins face-off versus Tanner Richard in Icehogs zone.
7:30 of 3rd period - Snap shot by Freddie Hamilton.
7:30 of 3rd period - Shot Misses the Net.
7:32 of 3rd period - Slapshot by Mattias Backman.
7:32 of 3rd period - Stopped by Mackenzie Blackwood with a rebound.
7:38 of 3rd period - Wrist shot by Nicolas Deslauriers.
7:38 of 3rd period - Deflect By Brett Connolly.
7:38 of 3rd period - Stopped by Mackenzie Blackwood without a rebound.
7:39 of 3rd period - Anton Gustafsson wins face-off versus Ryan Hartman in Icehogs zone.
7:44 of 3rd period - Snap shot by Joel Armia.
7:44 of 3rd period - Shot Misses the Net.
8:54 of 3rd period - Brett Connolly is hit by Myles Bell and loses puck.
9:08 of 3rd period - Icing by Olli Juolevi.
9:09 of 3rd period - Freddie Hamilton wins face-off versus Ryan Hartman in Admirals zone.
9:18 of 3rd period - Wrist shot by Joel Armia.
9:18 of 3rd period - Shot Misses the Net.
10:02 of 3rd period - Rhett Rakhshani is hit by Hunter Shinkaruk.
10:24 of 3rd period - Slapshot by Myles Bell.
10:24 of 3rd period - Stopped by Tristan Jarry with a rebound.
10:40 of 3rd period - Slapshot by Craig Cunningham.
10:40 of 3rd period - Stopped by Tristan Jarry without a rebound.
10:41 of 3rd period - Markus Granlund wins face-off versus Ryan Hartman in Admirals zone.
11:32 of 3rd period - Slapshot by Rhett Rakhshani.
11:32 of 3rd period - Shot Misses the Net.
11:54 of 3rd period - Snap shot by Myles Bell.
11:54 of 3rd period - Shot Blocked by Travis Dermott.
11:56 of 3rd period - Snap shot by Myles Bell.
11:56 of 3rd period - Stopped by Tristan Jarry with a rebound.
11:58 of 3rd period - Snap shot by Nikita Scherbak.
11:58 of 3rd period - Stopped by Tristan Jarry with a rebound.
12:00 of 3rd period - Snap shot by Nikita Scherbak.
12:00 of 3rd period - Deflect By Myles Bell.
12:00 of 3rd period - Shot Misses the Net.
12:00 of 3rd period - Puck is out of play.
12:01 of 3rd period - Nicolas Kerdiles wins face-off versus Sam Reinhart in Admirals zone.
12:01 of 3rd period - Nicolas Kerdiles is hit by Ryan Hartman.
12:08 of 3rd period - Off-side.
12:09 of 3rd period - Ryan Hartman wins face-off versus Anton Gustafsson in neutral zone.
12:14 of 3rd period - Slapshot by Nick Mattson.
12:14 of 3rd period - Stopped by Tristan Jarry without a rebound.
12:15 of 3rd period - Ryan Hartman wins face-off versus Anton Gustafsson in Admirals zone.
12:40 of 3rd period - Mark McNeill is hit by Mikhail Grigorenko.
13:48 of 3rd period - Wrist shot by Hunter Shinkaruk.
13:48 of 3rd period - Stopped by Mackenzie Blackwood with a rebound.
13:52 of 3rd period - Slapshot by Kasper Bjorkqvist.
13:52 of 3rd period - Shot Misses the Net.
13:54 of 3rd period - Snap shot by Hunter Shinkaruk.
13:54 of 3rd period - Shot Misses the Net.
13:56 of 3rd period - Slapshot by Lucas Wallmark.
13:56 of 3rd period - Shot Blocked by Nick Mattson.
14:19 of 3rd period - Slapshot by Philippe Myers.
14:19 of 3rd period - Shot Misses the Net.
14:41 of 3rd period - Icing by Lucas Wallmark.
14:42 of 3rd period - Ryan Hartman wins face-off versus Lucas Wallmark in Admirals zone.
14:47 of 3rd period - Snap shot by Sam Reinhart.
14:47 of 3rd period - Shot Misses the Net.
15:17 of 3rd period - Wrist shot by Craig Cunningham.
15:17 of 3rd period - Goal by Craig Cunningham - Admirals : 1 - Icehogs : 6.
15:18 of 3rd period - Anton Gustafsson wins face-off versus Jackson Cates in neutral zone.
15:23 of 3rd period - Wrist shot by Nicolas Kerdiles.
15:23 of 3rd period - Shot Misses the Net.
15:33 of 3rd period - Travis Dermott is hit by Petter Granberg and loses puck.
15:55 of 3rd period - Snap shot by Petter Granberg.
15:55 of 3rd period - Deflect By Ryan Hartman.
15:55 of 3rd period - Shot Blocked by Travis Dermott.
15:55 of 3rd period - Puck is out of play.
15:56 of 3rd period - Ryan Hartman wins face-off versus Markus Granlund in Admirals zone.
15:57 of 3rd period - Snap shot by Craig Cunningham.
15:57 of 3rd period - Shot Misses the Net.
15:59 of 3rd period - Snap shot by Sam Reinhart.
15:59 of 3rd period - Stopped by Tristan Jarry with a rebound.
16:01 of 3rd period - Slapshot by Craig Cunningham.
16:01 of 3rd period - Goal by Craig Cunningham - Admirals : 1 - Icehogs : 7.
16:02 of 3rd period - Anton Gustafsson wins face-off versus Ryan Hartman in neutral zone.
16:07 of 3rd period - Wrist shot by Anton Gustafsson.
16:07 of 3rd period - Shot Misses the Net.
16:28 of 3rd period - Travis Dermott is hit by Mattias Janmark and loses puck.
16:33 of 3rd period - Snap shot by Mattias Janmark.
16:33 of 3rd period - Stopped by Tristan Jarry without a rebound.
16:34 of 3rd period - Markus Granlund wins face-off versus Jackson Cates in Admirals zone.
17:05 of 3rd period - Snap shot by Blake Geoffrion.
17:05 of 3rd period - Stopped by Mackenzie Blackwood with a rebound.
17:22 of 3rd period - Minor Penalty to Rhett Rakhshani for Hooking.
17:23 of 3rd period - Ryan Hartman wins face-off versus Anton Gustafsson in Icehogs zone.
17:37 of 3rd period - Wrist shot by Anton Gustafsson.
17:37 of 3rd period - Goal by Anton Gustafsson - Admirals : 2 - Icehogs : 7.
17:38 of 3rd period - Ryan Hartman wins face-off versus Anton Gustafsson in neutral zone.
17:41 of 3rd period - Snap shot by Ben Harpur.
17:41 of 3rd period - Stopped by Tristan Jarry without a rebound.
17:42 of 3rd period - Sam Reinhart wins face-off versus Anton Gustafsson in Admirals zone.
17:47 of 3rd period - Snap shot by Craig Cunningham.
17:47 of 3rd period - Stopped by Tristan Jarry with a rebound.
17:49 of 3rd period - Slapshot by Ben Harpur.
17:49 of 3rd period - Stopped by Tristan Jarry with a rebound.
17:51 of 3rd period - Slapshot by Petter Granberg.
17:51 of 3rd period - Deflect By Craig Cunningham.
17:51 of 3rd period - Shot Blocked by Josh Morrissey.
17:51 of 3rd period - Puck is out of play.
17:52 of 3rd period - Ryan Hartman wins face-off versus Anton Gustafsson in Admirals zone.
17:53 of 3rd period - Snap shot by Craig Cunningham.
17:53 of 3rd period - Shot Misses the Net.
17:55 of 3rd period - Slapshot by Ryan Hartman.
17:55 of 3rd period - Icehogs goal is going for a video replay.
17:55 of 3rd period - The goal is good.
17:55 of 3rd period - Goal by Ryan Hartman - Admirals : 2 - Icehogs : 8.
17:56 of 3rd period - Anton Gustafsson wins face-off versus Ryan Hartman in neutral zone.
17:58 of 3rd period - Minor Penalty to Nicolas Kerdiles for Hooking.
17:59 of 3rd period - Ryan Hartman wins face-off versus Markus Granlund in Admirals zone.
19:06 of 3rd period - Icing by Mike Reilly.
19:07 of 3rd period - Ryan Hartman wins face-off versus Anton Gustafsson in Icehogs zone.
19:31 of 3rd period - Off-side.
19:32 of 3rd period - Markus Granlund wins face-off versus Ryan Hartman in neutral zone.
19:47 of 3rd period - Slapshot by Mikhail Grigorenko.
19:47 of 3rd period - Stopped by Tristan Jarry without a rebound.
19:48 of 3rd period - Markus Granlund wins face-off versus Tanner Richard in Admirals zone.
19:58 of 3rd period - Penalty to Nicolas Kerdiles is over, Nicolas Kerdiles is back on ice.
Goals for this period are 1 for Admirals vs 3 for Icehogs.
Shots for this period are 9 for Admirals vs 17 for Icehogs.